AoeStats
← [KMNB] Bandeira

MegaRandom

507123346Analyzed
2v2 RM · 17d ago on Sep 16, 2026· 51m 39s· 4 players
Game mode
Random Map
Map size
Medium (4 player)
Population
200
Speed
Normal
Resources
Standard
Victory
Conquest
Starting age
Dark Age
Ending age
Imperial Age
RankedLock teamsTeams togetherTeam positionsShared explorationLock speedFull tech treeHidden civsTurbo modeCheats
Victory
Defeat
🇩🇪 Mongols · Germany
1504
+16
🇩🇪 Mongols · Germany
1503
+17
🇧🇷 Magyars · Brazil
1551
-18
🇧🇷 Italians · Brazil
1478
-15
Der Klosterschüler
6:02 Loom
7:56 Feudal Age
11:45 Double-Bit Axe
17:55 Bloodlines
20:43 Castle Age
20:13 Forging
20:43 Light Cavalry
21:33 Scale Barding Armor
27:12 Husbandry
28:58 Bow Saw
32:40 Wheelbarrow
34:39 Horse Collar
34:57 Gold Mining
35:21 Fletching
36:28 Bodkin Arrow
42:00 Imperial Age
39:55 Padded Archer Armor
41:28 Ballistics
41:30 Hand Cart
42:16 Leather Archer Armor
43:10 Fortified Wall
44:03 Chemistry
43:22 Bracer
43:20 Elite Skirmisher
47:32 Capped Ram
48:39 Chain Barding Armor
49:22 Drill
48:47 Siege Ram
51:52 Iron Casting
52:10 Thumb Ring
stormy
5:58 Loom
9:19 Feudal Age
16:45 Bloodlines
22:36 Castle Age
21:20 Scale Barding Armor
22:22 Forging
22:08 Double-Bit Axe
24:25 Chain Barding Armor
28:30 Iron Casting
30:49 Husbandry
32:26 Fletching
35:09 Stone Mining
38:33 Bodkin Arrow
41:49 Wheelbarrow
46:42 Imperial Age
44:28 Padded Archer Armor
47:25 Bow Saw
49:29 Blast Furnace
48:05 Heavy Camel Rider
[KMNB] Bandeira
6:49 Loom
9:26 Feudal Age
10:10 Double-Bit Axe
12:53 Horse Collar
22:20 Castle Age
21:15 Gold Mining
21:42 Bloodlines
22:19 Scale Barding Armor
22:38 Light Cavalry
24:30 Chain Barding Armor
24:53 Pikeman
25:42 Scale Mail Armor
31:20 Husbandry
34:07 Wheelbarrow
37:13 Chain Mail Armor
49:46 Corvinian Army
[KMNB] Dedão
3:04 Loom
10:19 Feudal Age
15:46 Fletching
20:29 Wheelbarrow
22:12 Scale Mail Armor
27:09 Castle Age
25:07 Double-Bit Axe
26:59 Padded Archer Armor
27:53 Bodkin Arrow
29:10 Bow Saw
31:46 Horse Collar
33:24 Gold Mining
35:53 Stone Mining
36:14 Heavy Plow
40:34 Imperial Age
39:58 Ballistics
40:36 Bloodlines
40:44 Leather Archer Armor
40:40 Forging
42:54 Chemistry
42:07 Bracer
43:01 Conscription
44:52 Husbandry
44:13 Light Cavalry
47:02 Scale Barding Armor
47:08 Forging
50:55 Hand Cart
50:25 Hussar
51:49 Ring Archer Armor
Connection lost

Rejoining the realm…

Still unreachable

The connection could not be restored.

Session expired

The server has moved on; the page needs a fresh start.